Map: Orbital Shipyard

Players

Bop - Winner!

  • Race: Zerg Zerg

druthers

  • Race: Protoss Protoss

VOD

Have the link to the VOD?

Description

Time

  • Played on: May 1, 2015, 12:07 a.m.
  • Length: 3:28
Show
View Real Time Build Order
Export as new Build Order

Bop Zerg - Winner!

Build Orders: Pool Only 

Get SALT Encoding   

  12  0:01  Drone  
  13  0:18  Drone, Extractor  
  13  0:29  Spawning Pool  
  12  0:43  Drone  
  12  0:44  Drone  
  12  0:47  Extractor  
  12  0:48  Drone  
  15  0:58  Overlord  
  15  1:16  Roach Warren  
  14  1:19  Metabolic Boost  
  14  1:30  Queen  
  16  1:40  Overlord  
  16  1:55  Roach x2  
  16  2:00  Roach  
  22  2:10  Zergling x2  
  23  2:17  Zergling x2  
  24  2:28  Zergling x2  
  25  2:40  Zergling x8  
  29  2:44  Extractor  
  29  2:48  Spore Crawler  
  27  2:56  Ravager x2  
  29  3:00  Overlord  
  31  3:12  Spore Crawler  
  31  3:13  Extractor  
  31  3:17  Ravager  
Show
View Real Time Build Order
Export as new Build Order

druthers Protoss 

Build Orders: Nexus First 

Get SALT Encoding   

  12  0:01  Probe  
  13  0:13  Probe  
  14  0:17  Pylon  
  14  0:35  Probe (Chrono Boost)  
  15  0:47  Probe (Chrono Boost)  
  16  0:53  Probe (Chrono Boost)  
  17  1:03  Nexus  
  17  1:05  Probe (Chrono Boost)  
  18  1:18  Gateway  
  18  1:20  Probe (Chrono Boost)  
  19  1:30  Probe  
  20  1:34  Assimilator  
  20  1:38  Assimilator  
  20  1:39  Pylon  
  20  1:42  Probe  
  21  1:54  Probe  
  22  2:06  Probe  
  23  2:09  Forge  
  23  2:12  Zealot  
  25  2:19  Pylon  
  25  2:20  Pylon  
  25  2:22  Pylon  
  25  2:28  Pylon  
  25  2:34  Probe  
  26  2:38  Probe  
  27  2:46  Probe, Pylon  
  28  2:55  Cybernetics Core  
  28  3:06  Gateway  
  28  3:14  Photon Cannon  
Tags
 
Add a new tag
Caveats
  • Supply blocks, unpowered buildings, or Contaminate may cause inaccurate times.
  • Supply counts are checked every 10 seconds.